 Dungeon Crawl Stone Soup version 0.28.0-47-ge53b351184 (webtiles) character file.

Game seed: 3549624449781999495

26033 CryoSword the Demolition Demonspawn (level 12, -6/95 HPs)
             Began as a Demonspawn Monk on May 6, 2022.
             Was an Elder of Makhleb.
             Mangled by a balrug
             ... wielding a +0 demon whip
              (10 damage)
             ... in a Gauntlet.
             The game lasted 00:31:23 (15394 turns).

CryoSword the Demolition Demonspawn (DsMo)         Turns: 15394, Time: 00:31:24

Health: -6/95      AC: 17    Str: 16    XL:     12   Next: 94%
Magic:  0/21       EV: 13    Int: 13    God:    Makhleb [****..]
Gold:   990        SH: 11    Dex: 15    Spells: 5/11 levels left

rFire   + . .      SeeInvis .   w - +1 war axe (vorpal)
rCold   + . .      Faith    .   L - +0 kite shield
rNeg    . . .      Spirit   +   e - +0 scale mail {rF+}
rPois   +          Reflect  .   c - +1 helmet
rElec   +          Harm     .   (no cloak)
rCorr   .          Rampage  .   M - +1 pair of gloves
Will    .....      NoTele   +   t - +2 pair of boots "Ukaplou" {rElec}
Stlth   +.........              q - amulet of guardian spirit
HPRegen 0.25/turn               d - ring of poison resistance
MPRegen 0.17/turn               y - +4 ring of evasion

@: studying Polearms
A: icy blue scales 3, powered by pain 2, demonic magic 1, weakness stinger 2
a: Renounce Religion, Minor Destruction, Lesser Servant of Makhleb, Major
Destruction


You were in a Gauntlet.
You worshipped Makhleb.
Makhleb was greatly pleased with you.
You visited 3 branches of the dungeon, and saw 14 of its levels.
You also visited: Gauntlet.

You collected 990 gold pieces.

Inventory:

Hand Weapons
 a - a +2 hand axe of flaming
   (You found it on level 8 of the Dungeon)
 s - a +0 broad axe
   (You took it off a hobgoblin on level 2 of the Dungeon)
 w - a +1 vorpal war axe (weapon)
   (You took it off an orc on level 4 of the Dungeon)
Missiles
 r - 6 boomerangs (quivered)
 K - 13 poisoned darts
Armour
 c - a +1 helmet (worn)
   (You found it on level 1 of the Dungeon)
 e - a +0 scale mail of fire resistance (worn)
   (You took it off a gnoll sergeant on level 7 of the Dungeon)
 t - the +2 pair of boots "Ukaplou" (worn) {rElec}
   (You found it on level 4 of the Dungeon)

   rElec:     It insulates you from electricity.
 L - a +0 kite shield (worn)
   (You took it off a gnoll sergeant on level 8 of the Dungeon)
 M - a +1 pair of gloves (worn)
   (You found it on level 8 of the Dungeon)
 Q - +0 steam dragon scales
   (You found it on level 7 of the Dungeon)
Jewellery
 d - a ring of poison resistance (left hand)
   (You found it on level 1 of the Dungeon)
 h - a ring of fire
   (You found it on level 3 of the Dungeon)
 k - an amulet of reflection
   (You found it on level 3 of the Dungeon)
 q - an amulet of guardian spirit (around neck)
   (You found it on level 3 of the Dungeon)
 y - a +4 ring of evasion (right hand)
   (You found it on level 4 of the Dungeon)
 P - a ring of ice
   (You found it on level 10 of the Dungeon)
 T - the ring of the Final Decision {+Blink rN+ MP+9}
   (You found it on level 1 of the Lair of Beasts)

   [ring of positive energy]

   rN:        It protects you from negative energy.
   MP:        It affects your magic capacity (+9).
   +Blink:    It lets you blink.
 U - a ring of ice
   (You took it off Fannar on level 1 of the Lair of Beasts)
Wands
 x - a wand of mindburst (20)
   (You found it on level 4 of the Dungeon)
 A - a wand of digging (7)
   (You found it on level 5 of the Dungeon)
 I - a wand of paralysis (4)
   (You found it on level 1 of the Lair of Beasts)
 J - a wand of iceblast (20)
   (You found it on level 7 of the Dungeon)
 R - a wand of flame (9)
   (You found it on level 1 of the Lair of Beasts)
Scrolls
 b - a scroll of fear
 g - 3 scrolls of immolation {!r}
 i - 2 scrolls of magic mapping
 m - 2 scrolls of teleportation {@r4}
 n - 2 scrolls of enchant armour
 D - a scroll of vulnerability {unknown}
 E - a scroll of fog {unknown}
 F - 2 scrolls of blinking
 O - a scroll of enchant weapon
Potions
 f - 7 potions of ambrosia
 j - a potion of haste {unknown}
 o - 5 potions of curing {@q1}
 p - 2 potions of degeneration {unknown}
 u - a potion of invisibility {unknown}
 v - 2 potions of flight
 z - 2 potions of lignification {unknown}
 B - a potion of brilliance {unknown}
 C - 3 potions of attraction {!q}
 G - a potion of mutation {unknown}


   Skills:
 + Level 9.3 Fighting
 * Level 11.5(11.8) Axes
 - Level 4.0(8.4) Maces & Flails
 + Level 4.1 Dodging
 - Level 3.0 Stealth
 * Level 10.0 Shields
 - Level 2.2 Conjurations
 - Level 2.0 Air Magic
 + Level 12.9 Invocations


You had 5 spell levels left.
You knew the following spells:

 Your Spells              Type           Power      Damage    Failure   Level
a - Static Discharge      Conj/Air       5%         N/A       86%         2
b - Slow                  Hex            0%         N/A       95%         1
S - Confusing Touch       Hex            0%         N/A       100%        3

Your spell library contained the following spells:

 Spells                   Type           Power      Damage    Failure   Level
 Shock                    Conj/Air       20%        1d4       75%         1
 Swiftness                Air            5%         N/A       98%         3
 Blink                    Tloc           0%         N/A       99%         2
 Conjure Flame            Conj/Fire      2%         6-21      99%         3
 Ignite Poison            Fire/Tmut/Pois 0%         N/A       100%        3
 Tukima's Dance           Hex            0%         N/A       100%        3
 Vampiric Draining        Necr           0%         2d6       100%        3
 Airstrike                Air            2%         N/A       100%        4
 Dispel Undead            Necr           0%         3d6       100%        4
 Fulminant Prism          Conj/Hex       1%         3d6       100%        4
 Iskenderun's Mystic Bla  Conj/Tloc      2%         2d3       100%        4
 Passage of Golubria      Tloc           0%         N/A       100%        4
 Sticky Flame             Conj/Fire      2%         2d3       100%        4
 Lee's Rapid Deconstruct  Erth           0%         3d5*      100%        5
 Manifold Assault         Tloc           0%         N/A       100%        5
 Yara's Violent Unravell  Hex/Tmut       0%         3d3       100%        5
 Storm Form               Tmut/Air       1%         N/A       100%        7


Dungeon Overview and Level Annotations

Branches:
Dungeon (11/15)            Temple (1/1) D:4            Lair (2/6) D:10
 Spider (0/4) Lair:2          Orc (0/2) D:10        Gauntlet (1/1)
  Swamp: Lair:2-4    Shoals: Lair:2-4

Altars:
Ashenzari
Makhleb
Xom
Yredelemnul
Zin
The Shining One

Shops:
D:2 (   D:8 [   D:9 [

Annotations:
D:10 1 runed translucent door, exclusion: door, Quickbrownfox's ghost, journeyman DsIE Gauntlet 11 transporters, 2 runed translucent doors, exclusion: orange crystal statue


Innate Abilities, Weirdness & Mutations

You are completely covered in icy blue scales. (AC +4, rC+)
You sometimes gain power by taking damage.
Spells you cast may paralyse adjacent enemies.
You have a tail ending in a sharp stinger.


Message History

Found a transporter.
Found an ancient dagger.
There is a transporter here.
Found a transporter.
Found a transporter.
Found a pair of runed boots.
Found a transporter.
Found 24 arrows.
The hell beast gives a chilling moan.
Found a runed translucent door.
Found a transporter.
The death drake hisses angrily.
Found a runed hat.
Found a transporter.
Found a condenser vane.
Found a transporter.
Found a transporter.
The elephant trumpets!
You hear a trumpeting!
The dire elephant trumpets!
Found a transporter.
The hell hound barks! x2
The hell hound pauses to sniff the ground.
There is a transporter here.
Key pressed, stopping explore.
Found 17 arrows.
Found a transporter.
The hell hound barks!
Found a transporter.
The hell hound stops to sniff the ground.
Found a runed translucent door.
Key pressed, stopping explore.
The death drake hisses angrily.
Key pressed, stopping explore.
The hell beast gives a chilling moan.
Key pressed, stopping explore.
The orange crystal statue glitters topaz in the dim dungeon light.
The orange crystal statue glitters topaz in the dim dungeon light.
Key pressed, stopping explore.
There is a transporter here.
Partly explored, unvisited transporter.
Partly explored, unvisited transporter.
Partly explored, unvisited transporter.
Search for what [? for help]? .
Unknown command.
The hell hound barks! x2
There is a transporter here.
Here: a balrug, wielding a +0 demon whip (fire blocked by a translucent stone wall)
The floor.
You start removing your armour.
You continue taking off your +0 steam dragon scales. x4
You finish taking off your +0 steam dragon scales.
You start putting on your armour.
You continue putting on your +0 scale mail of fire resistance. x5
You finish putting on your +0 scale mail of fire resistance.
You feel resistant to fire.
You enter the transporter and appear at another place.
The balrug gestures at you.
The fireball explodes!
The fireball engulfs you! You resist. The balrug closely misses you.
A demon appears!
You can no longer summon a greater servant of Makhleb.
The hell hound bites your hellwing!
The balrug hits you with a +0 demon whip!!
You are engulfed in flames!
You resist.
The hell hound bites you but does no damage.
The hell hound closely misses your hellwing.
You barely miss the balrug.
Your tail-slap misses the balrug.
You slash the hell hound!
The balrug hits you with a +0 demon whip!!
* * * LOW HITPOINT WARNING * * *
You focus on the pain.
You feel your power returning.
You are engulfed in flames!
You resist.
* * * LOW HITPOINT WARNING * * *
The hell hound bites you but does no damage.
The hell hound bites your hellwing!
The balrug hits you with a +0 demon whip!
* * * LOW HITPOINT WARNING * * *
You are engulfed in flames!
You resist.
* * * LOW HITPOINT WARNING * * *
Your hellwing hits the hell hound.
Your hellwing barely misses the hell hound.
You block the hell hound's attack.
Okay, then.
Unknown command.
You feel much better.
The hell hound bites your hellwing but does no damage.
The hell hound bites you but does no damage.
The balrug completely misses you.
Your hellwing hits the hell hound. Your hellwing hits the hell hound!
The hell hound closely misses your hellwing.
The hell hound breathes flames at you. The blast of flame misses you.
The hell hound bites your hellwing but does no damage.
Your hellwing hits the hell hound but does no damage.
Your hellwing closely misses the hell hound.
You feel much better. You block the balrug's attack.
Throw: 2 throwing nets
Aim: a balrug, wielding a +0 demon whip (56% to hit)
You throw a throwing net.
The throwing net barely misses the balrug.
You block the hell hound's attack. You block the balrug's attack.
Your hellwing closely misses the balrug.
Your hellwing hits the balrug. The hell hound breathes flames at you.
The blast of flame hits you but does no damage.
The balrug gestures at you. Something smites you!
Throw: throwing net
Aim: a balrug, wielding a +0 demon whip (lightly wounded, 56% to hit)
You throw a throwing net.
The throwing net closely misses the balrug.
The hell hound closely misses you. The balrug gestures at you.
The fireball explodes!
The fireball engulfs you! You resist.
* * * LOW HITPOINT WARNING * * *
The fireball engulfs the balrug.
The balrug completely resists.
The fireball engulfs the hell hound.
The hell hound completely resists.
Your hellwing swoops through the air toward the hell hound!
Your hellwing hits the hell hound.
Your hellwing closely misses the hell hound.
You feel much better. You block the hell hound's attack. The balrug misses you.
Your hellwing hits the hell hound!
Your hellwing barely misses the hell hound.
The hell hound barely misses you.
A demon appears!
You block the balrug's attack.
A demon appears!
You block the hell hound's attack. The balrug gestures at you.
Something smites you!
* * * LOW HITPOINT WARNING * * *
The hell hound bites you.
* * * LOW HITPOINT WARNING * * *
Your hellwing hits the hell hound!
The hell hound dies!
Makhleb accepts your kill. The hell hound breathes flames at you.
The blast of flame hits you but does no damage.
Your smoke demon hits the balrug.
Your smoke demon hits the balrug but does no damage.
Your smoke demon hits the balrug.
You barely miss the balrug. You tail-slap the balrug.
You hit the hell hound but do no damage.
The balrug hits you with a +0 demon whip!
* * * LOW HITPOINT WARNING * * *
You are engulfed in flames!
You resist.
* * * LOW HITPOINT WARNING * * *
You block the hell hound's attack.
Your hellwing hits the balrug!
Your hellwing closely misses the balrug.
The balrug hits you with a +0 demon whip!
* * * LOW HITPOINT WARNING * * *
You are engulfed in flames!
You resist.
You die...

##§.§..................8.
##.8.....8.....8........
#≈...............#######
##...#########...#Y####.
#≈...#..8#8..#...#.#Y##.
##...#...8...######.#Y#.
#≈...#8.8.8."#...#....##
##.8©##823.8©#©8©###.###
#§...#8@848.!#...##.#.##
##...#.h.8..:#####.##Y.#
#≈...#.38#8..#...#Y#.##.
##...#########...###©...
#≈§..............#######
##.8.....8.....8........
#§§...§......§........8.
##≈#§#§#≈#≈#≈#§#........
################≈#≈#≈#≈


You could see a balrug (ally target), a hell hound (ally target), a friendly
hellwing (summoned) and 2 friendly smoke demons.

Vanquished Creatures
  Fannar (Lair:1)
  2 hydras
  A death knight (D:11)
  3 two-headed ogres
  Pikel (D:5)
  An ugly thing (D:11)
  2 cane toads
  3 komodo dragons
  2 trolls
  A queen bee (Lair:1)
  A dream sheep (D:8)
  A meliai zombie (D:11)
  4 blink frogs (Lair:2)
  A steam dragon (D:7)
  18 yaks
  Eustachio (D:6)
  An acid dragon (D:11)
  6 water moccasins
  4 orc warriors
  A sky beast (D:8)
  3 ogres
  4 centaurs
  2 necrophages
  23 wolves (Lair:2)
  3 lemures
  2 phantoms
  5 bullfrogs
  3 kobold brigands
  A wyvern zombie (D:7)
  5 scorpions
  3 gnoll sergeants
  15 killer bees (Lair:1)
  5 wights (D:7)
  An electric eel (Lair:2)
  2 howler monkeys
  4 centaur zombies
  A crimson imp (D:11)
  A bullfrog zombie (D:5)
  A jelly (D:5)
  2 hounds (D:7)
  A centaur skeleton (D:6)
  A bullfrog skeleton (D:5)
  A gnoll shaman (D:7)
  2 orc priests
  3 iguanas (D:6)
  12 orc wizards
  A killer bee zombie (D:8)
  A hound zombie (D:5)
  A howler monkey zombie (D:8)
  6 adders
  16 gnolls
  2 white imps
  An ufetubus (D:5)
  2 worms (D:2)
  2 dart slugs (D:3)
  43 orcs
  9 bats
  10 endoplasms
  8 goblins
  6 hobgoblins
  2 jackals (D:3)
  A quokka (D:3)
  3 ball pythons (D:3)
  3 frilled lizards
  4 kobolds
  5 rats
287 creatures vanquished.

Vanquished Creatures (collateral kills)
  4 two-headed ogres
  2 phantasmal warriors (D:11)
  A komodo dragon (Lair:2)
  A freezing wraith (D:11)
  A hornet (D:8)
  A dream sheep (D:8)
  A vampire (D:10)
  8 yaks
  An acid dragon (D:10)
  A hell hound (Gauntlet)
  A water moccasin (Lair:2)
  13 wolves (Lair:2)
  An orc warrior (D:9)
  A kobold brigand (D:8)
  8 killer bees (Lair:1)
  An orc wizard (D:10)
  A gnoll (D:8)
  4 orcs (D:10)
51 creatures vanquished.

Vanquished Creatures (others)
  11 fungi
  70 plants
81 creatures vanquished.

Grand Total: 419 creatures vanquished

Notes
Turn   | Place    | Note
-------+----------+-------------------------------------------
     0 | D:1      | CryoSword the Demonspawn Monk began the quest for the Orb.
     0 | D:1      | Reached XP level 1. HP: 18/18 MP: 1/1
   877 | D:1      | Gained mutation: You are partially covered in icy blue
                  | scales. (AC +2) [demonic ancestry]
   877 | D:1      | Reached XP level 2. HP: 20/24 MP: 2/2
  1323 | D:2      | Gained mutation: You have a small tail. [demonic ancestry]
  1323 | D:2      | Reached XP level 3. HP: 24/26 MP: 3/3
  1901 | D:2      | Found Idaetast's Antique Weapon Boutique.
  2046 | D:2      | Reached skill level 1 in Axes
  2542 | D:3      | Reached XP level 4. HP: 35/35 MP: 4/4
  3430 | D:4      | Identified the +2 pair of boots "Ukaplou" {rElec}
  3709 | D:4      | Found a staircase to the Ecumenical Temple.
  3718 | Temple   | Entered the Ecumenical Temple
  3772 | Temple   | Became a worshipper of Makhleb the Destroyer
  3772 | Temple   | Reached * piety under Makhleb
  3772 | Temple   | Reached ** piety under Makhleb
  3818 | D:4      | Reached skill level 1 in Shields
  3818 | D:4      | Gained mutation: You are mostly covered in icy blue scales.
                  | (AC +3) [demonic ancestry]
  3818 | D:4      | Reached XP level 5. HP: 34/41 MP: 5/5
  3819 | D:4      | Reached skill level 1 in Invocations
  4079 | D:4      | Noticed a necrophage
  4084 | D:4      | Killed a necrophage
  4085 | D:4      | Reached skill level 2 in Invocations
  4085 | D:4      | Gained mutation: You are completely covered in icy blue
                  | scales. (AC +4, rC+) [demonic ancestry]
  4085 | D:4      | Reached XP level 6. HP: 38/47 MP: 7/7
  4444 | D:4      | Reached skill level 3 in Invocations
  4661 | D:5      | Entered Level 5 of the Dungeon
  4742 | D:5      | Reached skill level 4 in Invocations
  4742 | D:5      | Gained mutation: You sometimes gain a little power by
                  | taking damage. [demonic ancestry]
  4742 | D:5      | Reached XP level 7. HP: 49/54 MP: 8/10
  4972 | D:5      | Reached skill level 5 in Invocations
  5350 | D:5      | Reached XP level 8. HP: 53/61 MP: 9/12
  5518 | D:5      | Reached skill level 6 in Invocations
  5797 | D:6      | Reached skill level 5 in Axes
  6140 | D:6      | Noticed Eustachio
  6163 | D:6      | Killed Eustachio
  6226 | D:6      | Reached skill level 5 in Fighting
  6226 | D:6      | Reached skill level 7 in Invocations
  6408 | D:6      | Noticed Pikel
  6686 | D:5      | Killed Pikel
  6687 | D:5      | Reached skill level 8 in Invocations
  6687 | D:5      | Reached XP level 9. HP: 31/68 MP: 9/15
  7178 | D:7      | Reached *** piety under Makhleb
  7645 | D:7      | Noticed a two-headed ogre
  7718 | D:6      | Killed a two-headed ogre
  7719 | D:6      | Reached skill level 9 in Invocations
  8405 | D:7      | Reached skill level 5 in Shields
  8852 | D:8      | Noticed a two-headed ogre
  8867 | D:8      | Found Gigh's Antique Armour Shop.
  8974 | D:8      | Gained mutation: You sometimes gain power by taking damage.
                  | [demonic ancestry]
  8974 | D:8      | Reached XP level 10. HP: 66/77 MP: 14/17
  8978 | D:8      | Reached skill level 10 in Invocations
  9766 | D:8      | Noticed a two-headed hydra
  9772 | D:8      | Killed a one-headed hydra
 10271 | D:9      | Found Odwuaxomm's Armour Shoppe.
 10682 | D:10     | Entered Level 10 of the Dungeon
 10682 | D:10     | Noticed a two-headed ogre
 10682 | D:10     | Noticed a two-headed ogre
 10728 | D:10     | Found a staircase to the Lair.
 10771 | D:10     | Noticed a two-headed ogre
 10785 | D:10     | Killed a two-headed ogre
 10835 | D:10     | Noticed a two-headed ogre
 10837 | D:10     | Reached skill level 11 in Invocations
 10840 | D:10     | Gained mutation: You have a tail ending in a sharp stinger.
                  | [demonic ancestry]
 10840 | D:10     | Reached XP level 11. HP: 83/84 MP: 19/19
 10846 | D:10     | Killed a two-headed ogre
 11149 | D:10     | Identified the +3 chain mail "Qumi" {rElec Str+2}
 11163 | D:10     | Found a runed translucent door.
 11163 | D:10     | Found a shimmering altar of Xom.
 11163 | D:10     | Noticed Quickbrownfox's ghost (journeyman DsIE)
 11163 | D:10     | Noticed a +2 war axe of chaos
 11230 | D:10     | Killed a two-headed ogre
 11249 | D:10     | Killed a two-headed ogre
 11582 | D:10     | Found a staircase to the Orcish Mines.
 11851 | D:11     | Noticed a phantasmal warrior
 12056 | D:11     | Noticed a death knight
 12057 | D:11     | Noticed a four-headed hydra
 12096 | D:10     | Killed a two-headed ogre
 12156 | D:11     | Noticed a green ugly thing
 12161 | D:11     | Reached skill level 10 in Axes
 12174 | D:11     | Killed a green ugly thing
 12182 | D:11     | Noticed a phantasmal warrior
 12188 | D:11     | Killed a phantasmal warrior
 12479 | D:11     | Killed a one-headed hydra
 12591 | D:11     | Noticed a two-headed ogre
 12603 | D:11     | Killed a two-headed ogre
 12616 | D:11     | Killed a death knight
 12617 | D:11     | Reached skill level 12 in Invocations
 12626 | D:11     | Killed a phantasmal warrior
 12984 | D:11     | Gained mutation: Spells you cast may paralyse adjacent
                  | enemies. [demonic ancestry]
 12984 | D:11     | Reached XP level 12. HP: 89/94 MP: 19/21
 13168 | D:11     | Learned a level 1 spell: Slow
 13172 | D:11     | Learned a level 3 spell: Confusing Touch
 13175 | D:11     | Learned a level 2 spell: Static Discharge
 13545 | Lair:1   | Entered Level 1 of the Lair of Beasts
 13754 | Lair:1   | Identified the ring of the Final Decision {+Blink rN+ MP+9}
 13779 | Lair:1   | Noticed Fannar
 13800 | Lair:1   | Killed Fannar
 13814 | Lair:1   | Reached skill level 1 in Conjurations
 14005 | Lair:1   | Reached skill level 1 in Air Magic
 14421 | Lair:1   | Reached **** piety under Makhleb
 14978 | Lair:2   | Reached ***** piety under Makhleb
 14988 | Lair:2   | Reached skill level 10 in Shields
 15030 | Lair:2   | Found a hole to the Spider Nest.
 15034 | Lair:2   | Found a gate leading to a gauntlet.
 15053 | Lair:2   | Identified the +1 robe of Miupavuh {rN+}
 15119 | Gauntlet | Entered a Gauntlet
 15119 | Gauntlet | Found a transporter.
 15187 | Gauntlet | Found a transporter.
 15200 | Gauntlet | Found a transporter.
 15203 | Gauntlet | Found a transporter.
 15213 | Gauntlet | Noticed a hell beast
 15221 | Gauntlet | Found a transporter.
 15233 | Gauntlet | Found a runed translucent door.
 15234 | Gauntlet | Found a transporter.
 15247 | Gauntlet | Found a transporter.
 15269 | Gauntlet | Found a transporter.
 15271 | Gauntlet | Found a transporter.
 15271 | Gauntlet | Found the amulet of the Air {Inacc Air Fly rElec RMsl}
 15272 | Gauntlet | Noticed a dire elephant
 15275 | Gauntlet | Noticed a balrug
 15279 | Gauntlet | Found a transporter.
 15300 | Gauntlet | Found a transporter.
 15304 | Gauntlet | Found a transporter.
 15308 | Gauntlet | Found a runed translucent door.
 15394 | Gauntlet | HP: 4/95 [balrug/+0 demon whip (13)]
 15394 | Gauntlet | Mangled by a balrug

Illustrated notes

Levels and vault maps discovered:
D:1:      sevenhm_arrival_forest_fort_small_4, layout_loops_corners,
          minmay_misc_feat_iff
D:2:      layout_loops_ring, serial_shops, nicolae_shop_hallway_plus
D:3:      layout_basic, minmay_circle_x
D:4:      layout_cave_pods, gammafunk_temple_overflow_elements,
          minmay_temple_entry_water_ring, kennysheep_decorative_pillar,
          kennysheep_generic_room_13
D:5:      layout_cave_pods
D:6:      layout_layer_cave, eino_tiny_chamber, uniq_pikel, uniq_eustachio
D:7:      layout_loops_ring, minmay_manual_mess
D:8:      layout_rooms, serial_shops, shop, hangedman_ranch
D:9:      layout_cave_pools, serial_shops, shop, hex_tiny
D:10:     layout_basic, lair_entry_dummy, hiddenorc1_lemuel, ebering_ghost_xom
D:11:     layout_cave_pools, minmay_fire_ice_demons
Temple:   mainiacjoe_temple_cubbyholes
Lair:1:   layout_layer_cave, special_room [special_room_bee], uniq_fannar
Lair:2:   layout_roguey, dummy_spider_entry, gauntlet_entry_generic,
          minivault_11, serial_bayou_lagoon_a, grunt_forest_large_clearings,
          lemuel_fruit_fields
Gauntlet: minmay_gauntlet_mixed_oops_all_seconds
          [minmay_gauntlet_arena_77_checkered, gammafunk_gauntlet_arena_hedges,
          minmay_gauntlet_arena_77_terracotta_army,
          gammafunk_gauntlet_arena_crates, minmay_gauntlet_arena_77_cramped,
          gammafunk_gauntlet_arena_mazey, gauntlet_exit_watery]

Skill      XL: |  1  2  3  4  5  6  7  8  9 10 11 12 |
---------------+-------------------------------------+-----
Maces & Flails | 3 4 |  4.0
Axes           | 1 2 3 4 6 7 9 10 11 | 11.5
Shields        | 1 2 3 5 6 8 10 | 10.0
Invocations    | 2 4 5 8 9 11 12 | 12.9
Fighting       | 4 5 6 7 8 9 |  9.3
Stealth        | 3 |  3.0
Conjurations   | 2 |  2.2
Dodging        | 4 |  4.1
Air Magic      | 2 |  2.0

Action                   |  1- 3 |  4- 6 |  7- 9 | 10-12 || total
-------------------------+-------+-------+-------+-------++-------
Melee: Mace              |    80 |       |       |       ||    80
       Punch             |     2 |       |       |       ||     2
       Broad axe         |    49 |    67 |       |       ||   116
       Tailslap          |     5 |    12 |    39 |    87 ||   143
       War axe           |       |    35 |   267 |   577 ||   879
       Hand axe          |       |       |       |    16 ||    16
Throw: Dart              |       |       |       |     4 ||     4
       Boomerang         |       |       |       |     1 ||     1
       Throwing net      |       |       |       |     2 ||     2
Invok: Minor Destruction |       |       |     4 |     7 ||    11
       Lesser Servant of |       |       |     3 |    28 ||    31
  Use: Scroll            |       |       |     6 |     9 ||    15
       Potion            |       |       |       |     5 ||     5
 Stab: Sleeping          |     4 |     1 |       |       ||     5
       Distracted        |       |       |     3 |     7 ||    10
Armor: Robe              |    35 |       |       |       ||    35
       Ring mail         |    29 |    48 |    57 |       ||   134
       Scale mail        |       |       |    50 |   162 ||   212
       Steam dragon scal |       |       |       |   113 ||   113
Dodge: Dodged            |   103 |    71 |   223 |   393 ||   790
Block: Buckler           |     2 |    29 |    84 |     5 ||   120
       Reflection        |       |     1 |       |       ||     1
       Kite shield       |       |       |       |   412 ||   412
